 Dungeon Crawl Stone Soup version 0.28-a0-957-g42eb19b844 (webtiles) character file.

Game seed: 9351605147810135813

10077 bearlyready the Arsonist (level 11, -3/66 HPs)
             Began as a Deep Elf Fire Elementalist on Nov 30, 2021.
             Was a Believer of Sif Muna.
             Slain by a yak (10 damage)
             ... on level 8 of the Dungeon.
             The game lasted 00:26:08 (11303 turns).

bearlyready the Arsonist (DEFE)                    Turns: 11303, Time: 00:26:08

Health: -3/66      AC:  4    Str:  5    XL:     11   Next: 31%
Magic:  26/26      EV: 15    Int: 25    God:    Sif Muna [**....]
Gold:   319        SH:  6    Dex: 21    Spells: 19/29 levels left

rFire   + . .      SeeInvis .   y - staff of fire
rCold   . . .      Faith    .   g - +0 buckler
rNeg    . . .      Spirit   .   G - +0 robe {Will+}
rPois   +          Reflect  .   (no helmet)
rElec   .          Harm     .   n - +0 cloak {rPois}
rCorr   .          Rampage  .   c - +0 pair of gloves
Will    ++...                   (no boots)
Stlth   ++........              p - amulet of magic regeneration
HPRegen 0.21/turn               A - +6 ring of dexterity
MPRegen 0.60/turn               (no ring)

@: hasted, studying Fighting, very quick
A: no striking features
a: Renounce Religion, Channel Magic


You were on level 8 of the Dungeon.
You worshipped Sif Muna.
Sif Muna was pleased with you.
You visited 2 branches of the dungeon, and saw 10 of its levels.
You also visited: Bailey.

You collected 319 gold pieces.

Inventory:

Hand Weapons
 b - a +2 dagger of venom
 q - a +4 short sword of venom
Missiles
 t - 48 poisoned darts
Armour
 a - a +0 robe
 c - a +0 pair of gloves (worn)
 g - a +0 buckler (worn)
 n - a +0 cloak of poison resistance (worn)
 G - a +0 robe of willpower (worn)
 H - a scarf of shadows
Magical Staves
 y - a staff of fire (weapon)
Jewellery
 m - a ring of ice
 p - an amulet of magic regeneration (around neck)
 v - an amulet of reflection
 A - a +6 ring of dexterity (left hand)
 C - an amulet of guardian spirit
Wands
 B - a wand of polymorph (6)
Scrolls
 d - 2 scrolls of magic mapping {unknown}
 e - a scroll of identify
 f - 9 scrolls of teleportation
 r - a scroll of silence {unknown}
 s - a scroll of blinking {unknown}
 u - 4 scrolls of vulnerability
 x - a scroll of brand weapon
 z - 2 scrolls of torment {unknown}
 F - 2 scrolls of amnesia
Potions
 h - a potion of brilliance {unknown}
 i - 4 potions of curing
 j - a potion of degeneration {unknown}
 k - 4 potions of berserk rage
 l - 3 potions of mutation {unknown}
 w - a potion of ambrosia {unknown}
 D - a potion of lignification {unknown}
 E - a potion of haste
Miscellaneous
 o - a piece from Xom's chessboard (15/15)


   Skills:
 + Level 6.5 Fighting
 - Level 1.0 Short Blades
 + Level 4.8 Dodging
 - Level 2.4 Stealth
 - Level 4.1 Shields
 + Level 9.9 Spellcasting
 + Level 9.9 Conjurations
 - Level 11.3 Fire Magic
 - Level 4.6 Invocations


You had 19 spell levels left.
You knew the following spells:

 Your Spells              Type           Power      Damage    Failure   Level
a - Foxfire               Conj/Fire      100%       2x1d9     1%          1
b - Scorch                Fire           100%       2d10      1%          2
c - Conjure Flame         Conj/Fire      78%        6-21      1%          3
d - Flame Wave            Conj/Fire      78%        2d11      1%          4

Your spell library contained the following spells:

 Spells                   Type           Power      Damage    Failure   Level
 Inner Flame              Hex/Fire       57%        N/A       1%          3
 Gell's Gravitas          Tloc           12%        N/A       16%         3
 Lesser Beckoning         Tloc           12%        N/A       16%         3
 Ozocubu's Armour         Ice            12%        N/A       16%         3
 Teleport Other           Tloc           12%        N/A       16%         3
 Ozocubu's Refrigeration  Ice            6%         4d6       100%        7


Dungeon Overview and Level Annotations

Branches:
Dungeon (9/15)             Temple (1/1) D:4          Bailey (visited)
   Lair: D:8-11         Orc: D:9-12

Altars:
Ashenzari
Cheibriados
Dithmenos
Elyvilon
Fedhas
Gozag
Hepliaklqana
Kikubaaqudgha
Nemelex Xobeh
Okawaru
Qazlal
Ru
Sif Muna
Trog
Uskayaw
Vehumet
Wu Jian
Xom
Yredelemnul
Zin
The Shining One

Shops:
D:7 [   D:9 ==

Annotations:
D:7 2 exclusions, Harold


Message History

The yak is heavily wounded.
You hear a bellow!
The yak gores you!
A wave of flame ripples out!
The flame wave engulfs the yak!
The yak is almost dead.
You finish channelling waves of flame.
A yak comes into view.
The yak gores you!
* * * LOW HITPOINT WARNING * * *
Casting: Flame Wave (dangerous; 1% risk of failure)
Confirm with . or Enter, or press ? or * to list all spells.
Okay, then.
Casting: Flame Wave (dangerous; 1% risk of failure)
Confirm with . or Enter, or press ? or * to list all spells.
Casting: Flame Wave (dangerous; 1% risk of failure)
Press: ? - help, Dir - look around, f - activate You feel a surge of power!
A wave of flame ripples out!
The flame wave engulfs the yak!
You kill the yak!
Sif Muna accepts your kill. (Press . to intensify the flame waves.)
You see here a yak corpse.
The yak bellows!
Casting: Flame Wave (dangerous; 1% risk of failure)
Confirm with . or Enter, or press ? or * to list all spells.
You don't know that spell.
Casting: Flame Wave (dangerous; 1% risk of failure)
Confirm with . or Enter, or press ? or * to list all spells.
You feel a surge of power!
The fire begins to smoulder!
The yak smothers the flame.
The yak snorts and paws the ground.
The yak gores you!
* * * LOW HITPOINT WARNING * * *
There is a stone staircase leading down here.
The yak gores you!
* * * LOW HITPOINT WARNING * * *
Okay, then.
You feel yourself speed up.
You open the door. The yak gores you!
You die...

.....##............#.##.#
...........Y.......#.##.#
#######
...P...............#.##.#
#......
.......P.....##....#.##.#
#.#####
.....P.......##....#.##.#
#.#....
##+#..P......##....#.##.#
#.#.##. #......####
....#.##.# #.#.##.
#..P..## #'###.##.#
#...... #......
#@.##.##.#.###.###
.P..P... ##Y##.##.#......#
..... #.##.##.#.###..#
.....######..#.##.#####..#
.........................#
####...####....#.######.#
#...# ##.....# #.#
#...#####..#########.#
+....................##


You could see a yak.

Vanquished Creatures
  A two-headed ogre (D:9)
  Pikel (D:7)
  An orc knight (Bailey)
  6 yaks (D:8)
  A basilisk (D:7)
  A water moccasin (D:5)
  2 black bears
  A sky beast (D:6)
  14 orc warriors
  A necrophage (D:6)
  4 ogres
  10 centaurs
  2 phantoms
  A kobold brigand (D:9)
  A bullfrog (D:6)
  2 scorpions
  A wyvern skeleton (D:7)
  A water moccasin skeleton (D:3)
  7 orc priests
  2 centaur skeletons
  6 hounds
  2 bullfrog skeletons (D:7)
  Jessica (D:3)
  3 iguanas
  4 orc wizards
  A killer bee zombie (D:7)
  2 howler monkey zombies
  4 gnolls (D:7)
  7 adders
  2 shadow imps
  A white imp (D:6)
  2 worms
  4 dart slugs
  31 orcs
  2 endoplasms
  5 giant cockroaches
  8 goblins
  11 hobgoblins
  10 kobolds
  3 quokkas
  11 ball pythons
  10 bats
  4 frilled lizards
  10 rats
204 creatures vanquished.

Vanquished Creatures (collateral kills)
  A foxfire (D:7)
1 creature vanquished.

Vanquished Creatures (others)
  721 foxfires
  16 fungi (D:8)
  9 plants (D:8)
746 creatures vanquished.

Grand Total: 951 creatures vanquished

Notes
Turn   | Place    | Note
-------+----------+-------------------------------------------
     0 | D:1      | bearlyready the Deep Elf Fire Elementalist began the quest
                  | for the Orb.
     0 | D:1      | Reached XP level 1. HP: 10/10 MP: 6/6
   340 | D:1      | Reached XP level 2. HP: 15/15 MP: 4/8
   920 | D:1      | Reached skill level 1 in Short Blades
  1140 | D:1      | Learned a level 2 spell: Scorch
  1368 | D:2      | You fall into a shaft and drop 1 floor!
  1462 | D:3      | Reached XP level 3. HP: 19/19 MP: 3/9
  1491 | D:2      | Reached skill level 4 in Fire Magic
  2323 | D:2      | Reached XP level 4. HP: 24/24 MP: 7/10
  2451 | D:3      | Reached skill level 1 in Shields
  2724 | D:3      | Found a glowing silver altar of Zin.
  2824 | D:3      | Reached XP level 5. HP: 15/28 MP: 0/11
  3175 | D:3      | Noticed Jessica
  3193 | D:3      | Killed Jessica
  3763 | D:4      | Reached skill level 5 in Fire Magic
  3768 | D:4      | Learned a level 3 spell: Conjure Flame
  3880 | D:4      | Noticed a phantom
  3886 | D:4      | Killed a phantom
  3887 | D:4      | Reached XP level 6. HP: 32/32 MP: 6/12
  4137 | D:4      | Found a staircase to the Ecumenical Temple.
  4173 | Temple   | Entered the Ecumenical Temple
  4290 | Temple   | Became a worshipper of Sif Muna the Loreminder
  4903 | D:5      | Entered Level 5 of the Dungeon
  5026 | D:5      | Noticed a water moccasin
  5030 | D:5      | Killed a water moccasin
  5105 | D:5      | Reached XP level 7. HP: 36/36 MP: 8/13
  5313 | D:5      | Reached skill level 5 in Conjurations
  5313 | D:5      | Reached skill level 6 in Fire Magic
  5914 | D:5      | Reached XP level 8. HP: 29/41 MP: 7/14
  6107 | D:5      | Reached skill level 7 in Fire Magic
  6361 | D:6      | Reached * piety under Sif Muna
  6792 | D:6      | Reached skill level 8 in Fire Magic
  6977 | D:6      | Learned a level 4 spell: Flame Wave
  6998 | D:6      | Reached skill level 1 in Invocations
  7284 | D:6      | Reached skill level 9 in Fire Magic
  7391 | D:6      | Reached XP level 9. HP: 44/45 MP: 11/15
  7524 | D:6      | Reached skill level 1 in Fighting
  7643 | D:6      | You fall into a shaft and drop 3 floors!
  7654 | D:9      | Found a flagged portal.
  7680 | Bailey   | Entered a bailey
  7935 | Bailey   | Reached ** piety under Sif Muna
  8300 | Bailey   | Reached skill level 5 in Spellcasting
  8854 | Bailey   | Reached skill level 5 in Fighting
  8854 | Bailey   | Reached skill level 11 in Fire Magic
  8854 | Bailey   | Reached XP level 10. HP: 59/59 MP: 19/24
  8857 | Bailey   | Noticed an orc knight
  8916 | Bailey   | Killed an orc knight
  9198 | D:9      | Found Deorecof's Jewellery Emporium.
  9260 | D:9      | Noticed a two-headed ogre
  9280 | D:9      | Killed a two-headed ogre
  9281 | D:9      | Reached XP level 11. HP: 64/64 MP: 17/26
  9384 | D:9      | Found Raihue's Jewellery Shop.
  9519 | D:8      | HP: 3/64 [centaur/arrow (11)]
  9700 | D:7      | Found Okleujoi's Antique Armour Shop.
  9762 | D:7      | Noticed Pikel
  9777 | D:7      | Killed Pikel
 10469 | D:7      | Found a hazy altar of Hepliaklqana.
 10477 | D:7      | Found a shadowy altar of Dithmenos.
 10482 | D:7      | Found a shimmering altar of Xom.
 10485 | D:7      | Found an opulent altar of Gozag.
 10490 | D:7      | Noticed Harold
 10555 | D:7      | Found a glowing golden altar of the Shining One.
 11278 | D:8      | HP: 2/66 [yak (13)]
 11303 | D:8      | Slain by a yak

Illustrated notes

Levels and vault maps discovered:
D:1:      matt_arrival_refuge, layout_basic
D:2:      minmay_razor_zed, layout_rooms, serial_forest,
          infiniplex_forest_straight_4, infiniplex_forest_lined_2,
          infiniplex_forest_straight_1, infiniplex_forest_end_3
D:3:      minmay_chambers_of_threes, layout_loops_corners,
          mainiacjoe_overflow_six_doors_small, kennysheep_jessica_study
D:4:      layout_basic, minmay_temple_entry_glassed_door, bh_walls_and_bars
D:5:      layout_cave_pools, grunt_ministairs_11
D:6:      nicolae_whirlpool, layout_loops_ring
D:7:      cheibrodos_iron_armory, layout_rooms,
          nicolae_overflow_hallway_of_the_gods, serial_shops,
          nicolae_shop_overgrown_old_shop, chequers_hall_statues_corner_a,
          corexii_item_surrounded_by_moat, uniq_pikel, uniq_harold
D:8:      layout_basic, grunt_lair_entry_orc_guard_hut
D:9:      layout_irregular_city, serial_shops, nicolae_lakefront_shop,
          kennysheep_little_box, nicolae_stop_n_shop_2, nicolae_square_shop,
          nicolae_square_shop, enter_bailey_6
Temple:   regret_index_temple_waves

Skill      XL: |  1  2  3  4  5  6  7  8  9 10 11 |
---------------+----------------------------------+-----
Conjurations   | 2 3 4 6 7 9 |  9.9
Short Blades   | 1 |  1.0
Fire Magic     | 4 5 6 9 11 | 11.3
Shields        | 1 2 3 4 |  4.1
Invocations    | 2 4 |  4.6
Fighting       | 5 6 |  6.5
Spellcasting   | 8 9 |  9.9
Dodging        | 3 4 |  4.8
Stealth        | |  2.4

Action                   |  1- 3 |  4- 6 |  7- 9 | 10-12 || total
-------------------------+-------+-------+-------+-------++-------
Melee: Dagger            |    36 |     3 |       |       ||    39
       Unarmed           |     1 |       |       |       ||     1
       Short sword       |       |    30 |     1 |       ||    31
Throw: Dart              |       |       |     2 |       ||     2
 Cast: Foxfire           |    65 |    59 |   221 |    74 ||   419
       Scorch            |       |    12 |    35 |    50 ||    97
       Conjure Flame     |       |       |     3 |     8 ||    11
       Flame Wave        |       |       |     1 |     5 ||     6
Evoke: Wand              |       |       |       |     1 ||     1
  Use: Scroll            |       |       |     7 |     4 ||    11
       Potion            |       |       |     2 |     4 ||     6
 Stab: Sleeping          |     2 |     3 |       |       ||     5
Armor: Robe              |     6 |    10 |     1 |     1 ||    18
Dodge: Dodged            |    36 |    18 |    13 |    22 ||    89
Block: Buckler           |    11 |     5 |    14 |     9 ||    39
       Reflection        |       |       |     4 |       ||     4

Table legend: (Time is in decaauts)
 A = Elapsed time spent in this place.
 B = Non-inter-level travel time spent in this place.
 C = Inter-level travel time spent in this place.
 D = Time resting spent in this place.
 E = Time spent auto-exploring this place.
 F = Levels seen in this place.
 G = Mean time per level.
                   A        B        C        D        E       F      G
               +--------+--------+--------+--------+--------+-----+--------+
         Total |  11327 |  10949 |    378 |   1271 |   7772 |  11 | 1029.7 |
       Dungeon |   9685 |   9368 |    317 |    917 |   6907 |   9 | 1076.1 |
        Temple |    165 |    104 |     61 |      0 |     87 |   1 |  165.0 |
        Bailey |   1476 |   1476 |      0 |    354 |    778 |   1 | 1476.0 |
               +--------+--------+--------+--------+--------+-----+--------+

Top non-repeatable levels by time:
     D:6: 1755 daAuts
  Bailey: 1476 daAuts
     D:3: 1374 daAuts
     D:4: 1366 daAuts
     D:1: 1329 daAuts
     D:5: 1135 daAuts
     D:7: 1090 daAuts
     D:2: 990 daAuts
     D:8: 338 daAuts
     D:9: 305 daAuts
  Temple: 165 daAuts
